 Dungeon Crawl Stone Soup version 0.21.1-1-g345015f (webtiles) character file.

174 kae the Ruffian (level 5, -3/45 HPs)
             Began as a Naga Transmuter on June 11, 2018.
             Killed from afar by inc's ghost (9 damage)
             ... with a magic dart
             ... on level 3 of the Dungeon.
             The game lasted 00:02:36 (3610 turns).

kae the Ruffian (Naga Transmuter)                   Turns: 3610, Time: 00:02:36

Health: -3/45      AC:  4    Str: 13    XL:     5   Next: 54%
Magic:  7/9        EV: 11    Int: 18    God:
Gold:   160        SH:  0    Dex: 16    Spells: 6/9 levels left

rFire    . . .     SeeInvis +     - Unarmed
rCold    . . .     Gourm    .   (no shield)
rNeg     . . .     Faith    .   b - +0 robe
rPois    +         Spirit   .   (no helmet)
rElec    .         Reflect  .   (no cloak)
rCorr    .         Harm     .   (no gloves)
MR       .....     Clarity  +   (no barding)
Stlth    +.........             (no amulet)
HPRegen  0.15/turn              p - +4 ring of dexterity
MPRegen  0.11/turn              (no ring)

@: brilliant, flying, very slow
A: large, thin metallic scales 1, see invisible, clarity, deformed body, high mp
1, poison resistance, slowness 2, slow metabolism 1, spit poison 1, AC +1
a: Spit Poison


You were on level 3 of the Dungeon.
You were not hungry.

You visited 1 branch of the dungeon, and saw 3 of its levels.

You collected 160 gold pieces.

Inventory:

Missiles
 a - 69 arrows
Armour
 b - a +0 robe (worn)
Jewellery
 p - a +4 ring of dexterity (left hand)
Scrolls
 e - 3 scrolls of identify
 g - 6 scrolls of remove curse
 j - a scroll of immolation
Books
 c - a book of Changes

   Spells                             Type                      Level
   a - Beastly Appendage              Transmutation                1
   b - Sticks to Snakes               Transmutation                2
   c - Spider Form                    Transmutation/Poison         3
   d - Ice Form                       Ice/Transmutation            4
   e - Blade Hands                    Transmutation                5
 m - a book of Misfortune

   Spells                             Type                      Level
   a - Confusing Touch                Hexes                        1
   b - Confuse                        Hexes                        3
   c - Gell's Gravitas                Translocation                3
   d - Petrify                        Transmutation/Earth          4
   e - Metabolic Englaciation         Hexes/Ice                    5
   f - Yara's Violent Unravelling     Hexes/Transmutation          5
 n - a book of Maledictions

   Spells                             Type                      Level
   a - Corona                         Hexes                        1
   b - Ensorcelled Hibernation        Hexes/Ice                    2
   c - Confuse                        Hexes                        3
   d - Tukima's Dance                 Hexes                        3
   e - Dazzling Spray                 Conjuration/Hexes            3
Comestibles
 d - 4 rations


   Skills:
 + Level 2.2 Fighting
 + Level 2.3 Dodging
 * Level 4.3 Unarmed Combat
 + Level 2.7 Spellcasting
 + Level 2.8 Transmutations


You had 6 spell levels left.
You knew the following spells:

 Your Spells              Type           Power        Failure   Level  Hunger
a - Beastly Appendage     Tmut           ###...       1%          1    #......
b - Sticks to Snakes      Tmut           ###.....     1%          2    ##.....


Dungeon Overview and Level Annotations

Branches:
Dungeon (3/15)

Altars:
Dithmenos
Kikubaaqudgha

Annotations:
D:3 inc's ghost, amateur OpCj


Innate Abilities, Weirdness & Mutations

You cannot wear boots.
Your serpentine skin is tough. (AC +1)
You have supernaturally acute eyesight. (SInv)
Armour fits poorly on your strangely shaped body.
Your system is resistant to poisons. (rPois)
You cover ground very slowly.
You have a slow metabolism.
You can spit poison.
You are partially covered in thin metallic scales. (AC +2)
You possess an exceptional clarity of mind.
You have an increased reservoir of magic. (+10% MP)


Message History

The jackal misses your adder.
Your adder bites the jackal.
The jackal dies!
Inc's ghost hits you.
The jackal completely misses your adder.
Your adder misses inc's ghost.
Inc's ghost stares at you and mumbles some strange words.
The magic dart hits you!
* * * LOW HITPOINT WARNING * * *
The jackal barely misses your adder.
The ooze hits your adder but does no damage.
Your adder bites the ooze.
The jackal closely misses your adder.
Your adder barely misses the ooze.
Inc's ghost casts a spell at you. The magic dart hits you!
* * * LOW HITPOINT WARNING * * *
The ooze closely misses your adder. The jackal closely misses your adder.
Your adder bites the ooze.
Inc's ghost stares at you and mumbles some strange words.
The magic dart hits you!
You die...

.#######################......,,,
...............),...####.$....##**,
...####.####..###***#.....#..# *,
...)....# ##..#####J.###.#*.#**,
....##### *#..@..S†......#,.,**
...## #######....Wh...#...#*,,,
...## ###......?..........#...,*,
....###...#####.........#..###,,,
........###***#.........#*,,****,
.......................##*,,****,
.......#####...........# **,,,,,,
......[# #.####......# *,,,*,,
......## #.* #......# ***,*,,


You could see inc's ghost (inner flame), an ooze, a jackal and a friendly adder.

Vanquished Creatures
  A hound (D:3)
  5 adders
  3 oozes
  2 worms
  A leopard gecko (D:1)
  2 orcs
  6 giant cockroaches
  5 hobgoblins
  4 jackals
  3 bats
  8 frilled lizards
  6 goblins
  6 kobolds
  2 rats
  4 rat zombies (D:2)
58 creatures vanquished.

Vanquished Creatures (collateral kills)
  An orc wizard (D:2)
  A jackal (D:3)
2 creatures vanquished.

Grand Total: 60 creatures vanquished

Notes
Turn   | Place    | Note
-------+----------+-------------------------------------------
     0 | D:1      | kae the Naga Transmuter began the quest for the Orb.
     0 | D:1      | Reached XP level 1. HP: 18/18 MP: 3/3
   208 | D:1      | Reached XP level 2. HP: 4/25 MP: 5/5
   886 | D:1      | Learned a level 2 spell: Sticks to Snakes
  1048 | D:2      | Reached XP level 3. HP: 24/31 MP: 6/6
  1545 | D:2      | Found a shadowy altar of Dithmenos.
  1933 | D:2      | Reached XP level 4. HP: 28/39 MP: 7/7
  2339 | D:2      | Found an ancient bone altar of Kikubaaqudgha.
  2466 | D:3      | Reached skill level 4 in Unarmed Combat
  2520 | D:3      | Reached XP level 5. HP: 42/45 MP: 8/8
  3007 | D:3      | Noticed inc's ghost (amateur OpCj)
  3603 | D:3      | Gained mutation: You are partially covered in thin metallic scales. (AC +2) [potion of mutation]
  3603 | D:3      | Gained mutation: You possess an exceptional clarity of mind. [potion of mutation]
  3603 | D:3      | Gained mutation: You have an increased reservoir of magic. (+10% MP) [potion of mutation]
  3610 | D:3      | Killed from afar by inc's ghost

Skill      XL: |  1  2  3  4 |
---------------+-------------+-----
Dodging        | 2 |  2.3
Fighting       | 2 |  2.2
Unarmed Combat | 4 |  4.3
Spellcasting   | |  2.7
Transmutations | |  2.8

Action                   |  1- 3 |  4- 6 || total
-------------------------+-------+-------++-------
Melee: Unarmed           |   115 |    87 ||   202
       Headbutt          |    17 |    12 ||    29
       Punch             |     1 |       ||     1
 Cast: Beastly Appendage |    17 |     9 ||    26
       Sticks to Snakes  |       |     4 ||     4
 Abil: Spit Poison       |     2 |     5 ||     7
  Use: Scroll            |       |     5 ||     5
       Potion            |       |     4 ||     4
 Stab: Sleeping          |     1 |       ||     1
  Eat: Chunk             |     2 |     5 ||     7
Armor: Robe              |     6 |    21 ||    27
Dodge: Dodged            |    58 |    69 ||   127
